 Dungeon Crawl Stone Soup version 0.18-a0-1797-gc18daef (webtiles) character file.

2664 graki42 the Covert (level 9, -5/58 HPs)
             Began as a Halfling Assassin on Apr 22, 2016.
             Was a Believer of Dithmenos.
             Slain by an orc warrior
             ... wielding a +0 short sword
              (19 damage)
             ... on level 7 of the Dungeon.
             The game lasted 02:01:37 (8464 turns).

graki42 the Covert (Halfling Assassin)              Turns: 8464, Time: 02:01:38

Health: -5/58      AC: -3    Str: 22    XL:     9   Next: 94%
Magic:  12/12      EV: 22    Int: 10    God:    Dithmenos [**....]
Gold:   470        SH:  0    Dex: 21    Spells: 0 memorised, 8 levels left

rFire  . . .     SeeInvis .     v - +2 dagger (vamp)
rCold  + + +     Gourm    .     c - +0 robe
rNeg   . . .     Faith    .     (shield restricted)
rPois  +         Spirit   .     k - +0 helmet "Locecas" {*Corrode +Blink rC+++ Str+6}
rElec  .         Dismiss  .     d - +0 cloak
rCorr  .         Reflect  .     (no gloves)
SustAt .         Harm     .     s - +0 pair of boots
MR     .....                    (no amulet)
Stlth  ++++++....               n - ring of poison resistance
                                r - +2 ring of dexterity

@: mighty, corroded, wreathed by umbra, not resistant to hostile enchantments,
very stealthy
A: mutation resistance 1
a: Shadow Step, Renounce Religion, Evoke Blink


You were on level 7 of the Dungeon.
You worshipped Dithmenos.
Dithmenos was pleased with you.
You were not hungry.

You visited 1 branch of the dungeon, and saw 7 of its levels.

You collected 470 gold pieces.

Inventory:

Hand Weapons
 a - a +2 dagger of draining
 b - a +1 blowgun
 j - the +0 quarterstaff of the Solstice {speed, Str-2 Dex+3 SInv Stlth+}
   (You found it on level 7 of the Dungeon)

   Attacks with this weapon are significantly faster.
   It affects your strength (-2).
   It affects your dexterity (+3).
   It lets you see invisible.
   It makes you more stealthy.
 l - a +0 greatsling
 v - a +2 vampiric dagger (weapon)
 I - a +2 dagger of draining
Missiles
 e - 8 poisoned needles
 f - 13 curare-tipped needles
 h - 20 tomahawks (quivered)
Armour
 c - a +0 robe (worn)
 d - a +0 cloak (worn)
 k - the +0 helmet "Locecas" (worn) {*Corrode +Blink rC+++ Str+6}
   (You took it off Robin on level 2 of the Dungeon)

   It affects your strength (+6).
   It renders you almost immune to cold.
   It lets you blink.
   It may corrode you when you take damage.
 s - a +0 pair of boots (worn)
Jewellery
 n - a ring of poison resistance (right hand)
 r - a +2 ring of dexterity (left hand)
 y - an uncursed ring of sustain attributes
Wands
 m - a wand of polymorph (13/24)
Scrolls
 i - a scroll of recharging
 p - a scroll of magic mapping
 q - a scroll of identify
 w - a scroll of remove curse
 x - a scroll of amnesia
 D - a scroll of fog
Potions
 u - 4 potions of curing
 B - a potion of flight
 C - a potion of might
 F - a potion of brilliance
Comestibles
 g - 7 bread rations
 t - a meat ration


   Skills:
 + Level 4.3 Fighting
 + Level 6.2 Short Blades
 + Level 4.5 Throwing
 + Level 8.1 Dodging
 + Level 8.7 Stealth
 * Level 4.4 Invocations


You had 8 spell levels left.
You didn't know any spells.

Dungeon Overview and Level Annotations

Branches:
Dungeon (7/15)
 Temple: D:4-7

Altars:
Dithmenos
Fedhas
Gozag
Nemelex Xobeh
Okawaru
Qazlal
Ru
Vehumet
Xom
Yredelemnul

Annotations:
D:6 graki42's ghost, novice HaAs


Innate Abilities, Weirdness & Mutations

You are small and have problems with some larger weapons.
You are somewhat resistant to further mutation.


Message History

Read which item? (? for menu, Esc to quit)
As you read the scroll labeled UDEIGH GAFU, it crumbles to dust.
It is a scroll of brand weapon.
Brand which weapon? (? for menu, Esc to quit)
Your +2 dagger craves living souls!
a - a +2 dagger of draining The orc warrior misses you.
You completely miss the orc warrior.
The orc warrior is moderately wounded.
The orc warrior hits you with a short sword.
* * * LOW HITPOINT WARNING * * *
The orc shouts!
You hit the orc warrior.
You feel better.
The orc warrior is moderately wounded.
You hit the orc warrior but do no damage.
The orc warrior is moderately wounded.
The orc wizard gestures wildly while chanting.
The orc wizard seems to speed up.
The orc warrior hits you with a short sword!!
You die...

####### #.....#
##### #.....##
#...#####.(.....
#...##......###
.............(#####
#...#######(ooco@.#
#...###
#..####.......
#.....## ##..#
####... .......##
#..# .
........####..#
...............
........## .#.##
........# . .o
..).....# #. ..


You could see an orc warrior, a centaur, an orc wizard and an orc.

Vanquished Creatures
  Grinder (D:3)
  Edmund (D:5)
  Duvessa (D:6)
  A water moccasin (D:6)
  An ice beast (D:5)
  A sky beast (D:7)
  A phantom (D:5)
  3 ogres
  2 centaurs
  2 giant frogs (D:7)
  A gnoll sergeant (D:6)
  Blork the orc (D:5)
  3 scorpions
  Dowan (D:7)
  A water moccasin skeleton (D:7)
  3 wights
  2 crimson imps (D:5)
  2 jellies
  2 hounds
  An orc priest (D:3)
  A centaur skeleton (D:4)
  4 orc wizards
  3 worker ants
  A killer bee zombie (D:5)
  2 hound skeletons
  A worker ant zombie (D:7)
  Robin (D:2)
  7 gnolls
  A howler monkey skeleton (D:6)
  15 adders
  2 shadow imps
  2 oozes (D:2)
  An adder skeleton (D:4)
  4 worms
  A dart slug (D:1)
  3 giant geckos
  21 orcs
  A ball python (D:1)
  7 bats
  4 giant cockroaches
  13 goblins
  12 hobgoblins
  3 jackals (D:4)
  4 quokkas
  A giant gecko skeleton (D:4)
  A giant gecko zombie (D:6)
  6 giant newts
  4 kobolds
  A quokka skeleton (D:7)
  A quokka zombie (D:5)
  6 rats
165 creatures vanquished.

Notes
Turn   | Place    | Note
--------------------------------------------------------------
     0 | D:1      | graki42 the Halfling Assassin began the quest for the Orb.
     0 | D:1      | Reached XP level 1. HP: 14/14 MP: 1/1
    84 | D:1      | You fall through a shaft!
    85 | D:2      | Reached XP level 2. HP: 19/19 MP: 2/2
    86 | D:2      | Reached skill level 5 in Stealth
    86 | D:2      | Reached XP level 3. HP: 24/24 MP: 3/3
   205 | D:1      | Reached XP level 4. HP: 25/29 MP: 4/4
  1609 | D:2      | Reached XP level 5. HP: 28/34 MP: 5/5
  1729 | D:2      | Noticed a phantom
  1892 | D:2      | Gained mutation: Potions and wands are less effective at restoring your health. [potion of mutation]
  1898 | D:2      | HP: 2/51 [poisoned by an adder]
  2248 | D:2      | Noticed Robin
  2515 | D:2      | Killed Robin
  2532 | D:2      | Got a smoking helmet
  2538 | D:2      | Identified the cursed +0 helmet "Locecas" {*Corrode +Blink rC+++ Str+6} (You took it off Robin on level 2 of the Dungeon)
  3106 | D:3      | Found a shimmering altar of Xom.
  3115 | D:3      | Reached XP level 6. HP: 41/41 MP: 6/6
  3522 | D:3      | Found a shadowy altar of Dithmenos.
  3522 | D:3      | Noticed Grinder
  3559 | D:3      | Killed Grinder
  3559 | D:3      | Reached XP level 7. HP: 45/45 MP: 7/7
  3644 | D:3      | Found a basalt altar of Yredelemnul.
  3785 | D:3      | Found a sacrificial altar of Ru.
  3921 | D:3      | Became a worshipper of Dithmenos the Shadowed
  4388 | D:4      | Found an opulent altar of Gozag.
  4572 | D:4      | Reached XP level 8. HP: 23/52 MP: 8/8
  4869 | D:4      | Found a blossoming altar of Fedhas.
  5285 | D:5      | Entered Level 5 of the Dungeon
  5302 | D:5      | Found a blossoming altar of Fedhas.
  5305 | D:5      | Noticed Blork the orc
  5431 | D:5      | Reached skill level 5 in Dodging
  5431 | D:5      | Reached skill level 1 in Invocations
  5479 | D:5      | Killed Blork the orc
  5482 | D:5      | Found a stormy altar of Qazlal.
  5867 | D:5      | Reached skill level 5 in Short Blades
  5915 | D:5      | Noticed Edmund
  5941 | D:5      | Killed Edmund
  5964 | D:5      | Reached * piety under Dithmenos
  6080 | D:5      | Found a sparkling altar of Nemelex Xobeh.
  6556 | D:5      | Reached XP level 9. HP: 53/57 MP: 9/11
  6839 | D:6      | Noticed graki42's ghost (novice HaAs)
  7303 | D:6      | Found an iron altar of Okawaru.
  7309 | D:6      | Gained mutation: Scrolls take you a little longer to read. [potion of mutation]
  7311 | D:6      | Gained mutation: Your body sometimes deteriorates upon taking damage. [potion of mutation]
  7313 | D:6      | Lost mutation: Your body sometimes deteriorates upon taking damage. [potion of cure mutation]
  7313 | D:6      | Lost mutation: Scrolls take you a little longer to read. [potion of cure mutation]
  7313 | D:6      | Lost mutation: Potions and wands are less effective at restoring your health. [potion of cure mutation]
  7670 | D:7      | Got a smoking quarterstaff
  7820 | D:7      | Noticed Dowan
  7833 | D:7      | Noticed Duvessa
  7838 | D:7      | Killed Dowan
  7840 | D:7      | Found a radiant altar of Vehumet.
  7888 | D:6      | Killed Duvessa
  7889 | D:6      | Identified the +0 quarterstaff of the Solstice {speed, Str-2 Dex+3 SInv Stlth+} (You found it on level 7 of the Dungeon)
  7921 | D:6      | Upgraded the game from 0.18-a0-1789-gbeff17f to 0.18-a0-1797-gc18daef
  8254 | D:7      | Reached ** piety under Dithmenos
  8464 | D:7      | Slain by an orc warrior

Vault maps used:
D:1:      wheals_arrival_shading
D:2:      uniq_robin
D:3:      xom_teletrap_fun, grunt_dithmenos_smoke_and_mirrors,
          marbit_many_paths, nicolae_ru_awakened_eye, uniq_grinder
D:4:      old_standard_altar, fedhas_altar_4
D:5:      grunt_temple_overflow_forces_of_nature,
          nicolae_overflow_hidden_temple, first_bread, uniq_edmund,
          uniq_blork_the_orc
D:6:      okawaru_metal_pillars_1_2
D:7:      lemuel_round_altar, minmay_temple_entry_trees, grunt_livestock,
          uniq_duvessa

Skill      XL: |  1  2  3  4  5  6  7  8  9 |
---------------+----------------------------+-----
Short Blades   | 3 4 5 6 |  6.2
Fighting       | 2 3 4 |  4.3
Stealth        | 5 6 7 8 |  8.7
Dodging        | 2 3 4 6 8 |  8.1
Throwing       | 3 4 |  4.5
Invocations    | 2 4 |  4.4

Action                   |  1- 3 |  4- 6 |  7- 9 || total
-------------------------+-------+-------+-------++-------
Melee: Dagger            |    16 |   253 |   621 ||   890
       Unarmed           |       |       |     1 ||     1
 Fire: Blowgun           |     2 |    19 |    27 ||    48
Throw: Tomahawk          |     4 |    28 |     8 ||    40
  Use: Potion            |       |     7 |    13 ||    20
       Scroll            |       |       |    15 ||    15
 Stab: Sleeping          |     4 |    13 |    28 ||    45
       Distracted        |       |     1 |     4 ||     5
  Eat: Chunk             |       |     3 |    12 ||    15
       Meat ration       |       |     1 |     2 ||     3
       Royal jelly       |       |       |     1 ||     1
       Fruit             |       |       |     2 ||     2
       Pizza             |       |       |     1 ||     1
       Beef jerky        |       |       |     1 ||     1
Armor: Robe              |     2 |    51 |    46 ||    99
       Skin              |       |       |    98 ||    98
Dodge: Dodged            |     4 |   144 |   394 ||   542
